 Dungeon Crawl Stone Soup version 0.22-a0-407-gb098539 (webtiles) character file.

147 iamserjio the Covered (level 5, -1/41 HPs)
             Began as a Mummy Fighter on May 9, 2018.
             Was an Initiate of Yredelemnul.
             Slain by a scorpion (7 damage)
             ... on level 4 of the Dungeon.
             The game lasted 00:04:50 (3665 turns).

iamserjio the Covered (Mummy Fighter)               Turns: 3665, Time: 00:04:51

Health: -1/41      AC:  6    Str: 19    XL:     5   Next: 7%
Magic:  5/5        EV:  7    Int:  7    God:    Yredelemnul [......]
Gold:   136        SH:  9    Dex: 13    Spells: 4/4 levels left

rFire    x . .     SeeInvis .   a - +0 flail
rCold    + . .     Gourm    .   c - +0 shield
rNeg     + + +     Faith    .   b - +0 scale mail
rPois    ∞         Spirit   .   (no helmet)
rElec    .         Reflect  .   (no cloak)
rCorr    .         Harm     .   (no gloves)
MR       .....                  (no boots)
Stlth    ..........             (no amulet)
HPRegen  0.13/turn              (no ring)
MPRegen  0.09/turn              (no ring)

@: no status effects
A: no food or potions, fire vulnerability, cold resistance 1, negative energy
resistance 3, torment resistance, unbreathing
a: Renounce Religion


You were on level 4 of the Dungeon.
You worshipped Yredelemnul.
Yredelemnul was noncommittal.
You were not hungry.

You visited 1 branch of the dungeon, and saw 4 of its levels.

You collected 136 gold pieces.

Inventory:

Hand Weapons
 a - a +0 flail (weapon)
Armour
 b - a +0 scale mail (worn)
 c - a +0 shield (worn)
Jewellery
 f - an uncursed amulet of regeneration {unknown}
Scrolls
 d - 6 scrolls of identify {unknown}
 e - a scroll of amnesia {unknown}
 g - a scroll of noise {unknown}
 h - 3 scrolls of blinking {unknown}
 i - a scroll of enchant weapon {unknown}


   Skills:
 - Level 3.0 Fighting
 * Level 2.8 Maces & Flails
 + Level 3.2 Armour
 + Level 3.2 Shields
 * Level 1.2 Invocations


You had 4 spell levels left.
You didn't know any spells.

Dungeon Overview and Level Annotations

Branches:
Dungeon (4/15)
 Temple: D:4-7

Altars:
Okawaru
Yredelemnul


Innate Abilities, Weirdness & Mutations

You do not eat or drink.
Your flesh is vulnerable to fire.
You are immune to poison.
Your flesh is cold resistant. (rC+)
You are immune to negative energy. (rN+++)
You are immune to unholy pain and torment.
You can survive without breathing.


Message History

The scorpion stings you.
* * * LOW HITPOINT WARNING * * *
The quokka skeleton bites you.
* * * LOW HITPOINT WARNING * * *
Okay, then.
You closely miss the scorpion.
The scorpion is heavily wounded.
The scorpion barely misses you. The scorpion stings you.
* * * LOW HITPOINT WARNING * * *
You hit the scorpion.
The scorpion is heavily wounded.
You block the scorpion's attack.
You closely miss the scorpion.
The scorpion is heavily wounded.
The scorpion closely misses you.
You hit the scorpion.
The scorpion is severely wounded.
The scorpion closely misses you. The scorpion stings you!
You die...
Yredelemnul claims you as an undead slave.

############# ####
##......##...##...##.
#............#.(.....
#............#.......
#............#.......
#...........@#...<...
#............sZ.....?
#............#.......
#<......##...##...##.
##......###### +###
########


You could see a scorpion and a quokka skeleton.

Vanquished Creatures
  A bullfrog (D:4)
  An adder (D:2)
  2 worms (D:2)
  A dart slug (D:3)
  A leopard gecko (D:2)
  2 orcs (D:3)
  7 bats
  5 giant cockroaches
  10 goblins
  6 hobgoblins
  2 jackals (D:3)
  8 kobolds
  A quokka (D:2)
  A ball python (D:1)
  4 frilled lizards
  10 rats
62 creatures vanquished.

Notes
Turn   | Place    | Note
-------+----------+-------------------------------------------
     0 | D:1      | iamserjio the Mummy Fighter began the quest for the Orb.
     0 | D:1      | Reached XP level 1. HP: 18/18 MP: 1/1
   701 | D:1      | Reached XP level 2. HP: 24/24 MP: 2/2
  1512 | D:2      | Reached XP level 3. HP: 26/29 MP: 3/3
  1516 | D:2      | Found an iron altar of Okawaru.
  2628 | D:3      | Reached XP level 4. HP: 28/35 MP: 4/4
  2957 | D:3      | Found a basalt altar of Yredelemnul.
  2965 | D:3      | Became a worshipper of Yredelemnul the Dark
  3649 | D:4      | Noticed a bullfrog
  3657 | D:4      | Killed a bullfrog
  3657 | D:4      | Reached skill level 1 in Invocations
  3657 | D:4      | Reached XP level 5. HP: 26/41 MP: 5/5
  3665 | D:4      | Slain by a scorpion

Vault maps used:
D:1:      elethiomel_arrival_diamonds
D:2:      okawaru_trees_1, minivault_11
D:3:      lemuel_doored_altar, kennysheep_minor_cross
D:4:      first_ration

Skill      XL: |  1  2  3  4 |
---------------+-------------+-----
Maces & Flails | 2 |  2.8
Armour         | 3 |  3.2
Shields        | 3 |  3.2
Invocations    | 1 |  1.2
Fighting       | |  3.0

Action                   |  1- 3 |  4- 6 || total
-------------------------+-------+-------++-------
Melee: Flail             |   150 |    60 ||   210
Armor: Scale mail        |    51 |    28 ||    79
Dodge: Dodged            |    43 |    21 ||    64
Block: Shield            |    74 |    31 ||   105

Table legend:
 A = Spawn XP
 B = Non-spawn XP
 C = Spawn XP percentage of total XP
 D = Spawn monster count
 E = Non-spawn monster count
 F = Spawn count percentage of total count
 G = Total turns spent on level
                    A         B        C        D         E        F      G
               +---------+---------+-------+---------+---------+-------+---------
         Total |       0 |     210 |   0.0 |       0 |      62 |   0.0 |  3665
               +---------+---------+-------+---------+---------+-------+---------
           D:1 |       0 |      34 |   0.0 |       0 |      22 |   0.0 |  1505
           D:2 |       0 |      56 |   0.0 |       0 |      22 |   0.0 |   955
           D:3 |       0 |      30 |   0.0 |       0 |      17 |   0.0 |  1175
           D:4 |       0 |      90 |   0.0 |       0 |       1 |   0.0 |    30
               +---------+---------+-------+---------+---------+-------+---------
